 Dungeon Sprint DCSS version 0.16-a0-3926-g4728e1c (webtiles) character file.

47018 BluebellGnoll the Evocator (level 14, -11/148 HPs)
             Began as a Deep Dwarf Artificer on Feb 5, 2015.
             Was the Champion of Makhleb.
             Mangled by a stone giant (20 damage)
             ... in the Dungeon (Sprint IX: "|||||||||||||||||||||||||||||").
             The game lasted 00:30:35 (1763 turns).

BluebellGnoll the Evocator (Deep Dwarf Artificer)   Turns: 1763, Time: 00:30:36

Health: -11/148    AC: 19    Str: 18    XL:     14   Next: 7%
Magic:  27/27      EV:  5    Int: 14    God:    Makhleb [******]
Gold:   199        SH: 20    Dex: 19    Spells: 0 memorised, 13 levels left

rFire  x . .     SeeInvis .     t - +1 broad axe (chop)
rCold  + . .     Clarity  .     s - +0 plate armour
rNeg   + . .     SustAb   .     I - +1 large shield
rPois  .         Gourm    +     (no helmet)
rElec  .         Spirit   .     H - +1 cloak
rCorr  .         Warding  .     r - +0 pair of gloves
rMut   .         NoTele   +     (no boots)
MR     ++...                    G - amulet of the gourmand
Stlth  ..........               n - ring of ice
                                v - +5 ring of dexterity

@: non-regenerating, very resistant to hostile enchantments, extremely
unstealthy
A: damage resistance, recharge devices, negative energy resistance 1, sense
surroundings 2, slow healing 3
a: Device Recharging, Minor Destruction, Lesser Servant of Makhleb, Major
Destruction, Greater Servant of Makhleb, Renounce Religion


You were in the Dungeon.
You worshipped Makhleb.
Makhleb was exalted by your worship.
You were very full.

You visited 1 branch You collected 1928 gold pieces.
You spent 1729 gold pieces at shops.

Inventory:

Hand weapons
 t - a +1 broad axe of chopping (weapon)
Missiles
 j - 4 throwing nets
 N - 7 tomahawks (quivered)
 P - 2 large rocks
Armour
 e - a +0 cloak
 r - a +0 pair of gloves (worn)
 s - a +0 plate armour (worn)
 H - a +1 cloak (worn)
 I - a +1 large shield (worn)
Rods
 z - a -1 lightning rod (10/10)
   (You bought it in a shop in the Dungeon)
Jewellery
 a - a +3 ring of intelligence
 n - a ring of ice (right hand)
 u - a +3 ring of intelligence
 v - a +5 ring of dexterity (left hand)
 y - the ring "Buvostryhe" {SustAb -Tele rPois+ rN+ Str+3 Int-2}
   (You bought it in a shop in the Dungeon)

   [ring of sustain abilities]

   It sustains your strength, intelligence and dexterity.
   It affects your strength (+3).
   It affects your intelligence (-2).
   It protects you from poison.
   It protects you from negative energy.
   It prevents most forms of teleportation.
 E - an uncursed ring of stealth
 F - an uncursed ring of fire
 G - an amulet of the gourmand (around neck)
Magical devices
 b - a wand of flame (9)
 c - a wand of enslavement (15)
 d - a wand of digging (16)
 f - a wand of heal wounds (4)
 q - a wand of draining (1)
 C - a wand of disintegration (12)
 O - a wand of heal wounds (0)
Scrolls
 m - 2 scrolls of blinking
 o - 5 scrolls of remove curse
 p - 2 scrolls of amnesia
 w - 4 scrolls of enchant armour
 x - 2 scrolls of identify
 D - a scroll of enchant weapon
 L - 3 scrolls of recharging
 M - a scroll of fear
Potions
 h - 7 potions of curing
 i - 13 potions of heal wounds
 k - 4 potions of magic
 l - 2 potions of berserk rage
 J - 2 potions of brilliance
 K - a potion of resistance
Comestibles
 g - 13 bread rations
 A - 40 fruits
 B - 12 meat rations


   Skills:
 - Level 15.9 Fighting
   Level 0.8 Short Blades
 + Level 12.4 Axes
 - Level 14.7 Throwing
 - Level 12.3 Armour
 - Level 2.1 Dodging
 - Level 1.2 Stealth
 - Level 14.5 Shields
 - Level 14.4 Invocations
 - Level 26.0 Evocations


You had 13 spell levels left.
You didn't know any spells.

Dungeon Overview and Level Annotations

Branches:
Dungeon (1/1)

Altars:
Cheibriados
Dithmenos
Elyvilon
Fedhas
Gozag
Kikubaaqudgha
Makhleb
Nemelex Xobeh
Okawaru
Qazlal
Ru
Sif Muna
Trog
Vehumet
Xom
Yredelemnul
Zin
The Shining One
Beogh
Jiyva
Lugonu

Shops:
D }[*=


Innate Abilities, Weirdness & Mutations

You are resistant to damage.
You can recharge devices by infusing magical energy.
You resist negative energy.
You passively map the area around you.
You do not heal naturally.


Message History

You completely miss the deep elf knight.
The deep elf knight is heavily wounded.
You hit the stone giant but do no damage.
The stone giant is lightly wounded.
The stone giant hits you but does no damage.
You block the deep elf knight's attack.
Unknown command.
Unknown command.
You are too injured to fight recklessly!
You are too injured to fight recklessly!
You barely miss the deep elf knight.
The deep elf knight is heavily wounded.
Your plate armour prevents you from hitting the stone giant.
The stone giant is lightly wounded.
You slash the deep elf knight!
The deep elf knight is almost dead.
The deep elf knight hits you with a scimitar!!
* * * LOW HITPOINT WARNING * * *
You block the stone giant's attack. The stone giant hits you!!
You die...

▓..................
▓.▓▓▓▓▓▓▓▓▓▓▓▓▓▓▓▓▓
▓.........'...=.)))
▓▓▓▓▓▓▓▓▓▓▓▓▓▓▓▓▓▓▓
▓..................
▓.▓▓▓▓▓▓▓▓▓▓▓▓▓▓▓▓▓
▓............†..'..
▓▓▓▓▓▓▓▓▓▓▓▓▓▓▓▓▓▓▓
▓e@................
▓C▓▓▓▓▓▓▓▓▓▓▓▓▓▓▓▓▓
▓..............((.(
▓▓▓▓▓▓▓▓▓▓▓▓▓▓▓▓▓▓▓
, , , * * *, , , ,
, , ****** *** , ,
,, ,


You could see a stone giant and a deep elf knight.

Vanquished Creatures
  A sphinx (D)
  Agnes (D)
  2 frost giants (D)
  3 very ugly things (D)
  A spriggan defender (D)
  2 stone giants (D)
  A merfolk impaler (D)
  Josephine (D)
  2 fire dragons (D)
  A minotaur (D)
  2 great orbs of eyes (D)
  2 rakshasas (D)
  2 hydras (D)
  A centaur warrior (D)
  A satyr (D)
  An alligator (D)
  A deep troll shaman (D)
  A death yak (D)
  6 orc high priests (D)
  2 shock serpents (D)
  A wizard (D)
  2 hill giants (D)
  2 orc knights (D)
  An orb spider (D)
  2 black mambas (D)
  Maurice (D)
  2 elephants (D)
  A naga mage (D)
  4 spiny frogs (D)
  A komodo dragon (D)
  A komodo dragon (shapeshifter) (D)
  A tengu conjurer (D)
  A yaktaur (D)
  A deep elf priest (D)
  A demonic crawler (D)
  5 merfolk (D)
  A jumping spider (D)
  A slime creature (D)
  2 giant leeches (D)
  A troll (D)
  A raven (D)
  A wind drake (D)
  3 blink frogs (D)
  A basilisk (D)
  2 deep elf magi (D)
  4 yaks (D)
  A hippogriff (D)
  A water elemental (D)
  3 wraiths (D)
  Grum (D)
  A steam dragon (D)
  5 wolves (D)
  2 vampire mosquitoes (D)
  3 water moccasins (D)
  2 swamp drakes (D)
  3 porcupines (D)
  A centaur (D)
  9 orc warriors (D)
  3 giant frogs (D)
  12 orc priests (D)
  A crimson imp (D)
  A hound (D)
  4 orc wizards (D)
  A river rat (D)
  2 shadow imps (D)
  A giant gecko (D)
  7 orcs (D)
  2 hobgoblins (D)
  2 bats (D)
  A giant newt (D)
  A giant spore (D)
  2 kobolds (D)
  A rat (D)
  2 crawling corpses (D)
153 creatures vanquished.

Vanquished Creatures (collateral kills)
  A ghost moth (D)
  A greater naga (D)
  A very ugly thing (D)
  A naga warrior (D)
  An anaconda (D)
  A shambling mangrove (D)
  An orb spider (D)
  A demonic crawler (D)
  A blink frog (D)
  A raven (D)
  A trapdoor spider (D)
  A redback (D)
  A scorpion (D)
13 creatures vanquished.

Vanquished Creatures (others)
  An Executioner (D)
  A ballistomycete (D)
  2 fungi (D)
4 creatures vanquished.

Grand Total: 170 creatures vanquished

Notes
Turn   | Place    | Note
--------------------------------------------------------------
     0 | D        | BluebellGnoll, the Deep Dwarf Artificer, began the quest for the Orb.
     0 | D        | Reached XP level 1. HP: 16/16 MP: 1/1
     6 | D        | Reached skill level 5 in Evocations
     6 | D        | Reached skill level 6 in Evocations
    23 | D        | Reached skill level 7 in Evocations
    23 | D        | Reached XP level 2. HP: 24/24 MP: 4/4
    26 | D        | Reached skill level 8 in Evocations
    26 | D        | HP: 1/24 [shot self (21)]
    40 | D        | Found a glowing silver altar of Zin.
    40 | D        | Found a glowing golden altar of the Shining One.
    40 | D        | Found an ancient bone altar of Kikubaaqudgha.
    40 | D        | Found a basalt altar of Yredelemnul.
    40 | D        | Found a shimmering altar of Xom.
    40 | D        | Found a radiant altar of Vehumet.
    40 | D        | Found an iron altar of Okawaru.
    41 | D        | Found a burning altar of Makhleb.
    42 | D        | Found a deep blue altar of Sif Muna.
    43 | D        | Found a bloodstained altar of Trog.
    44 | D        | Found a sparkling altar of Nemelex Xobeh.
    45 | D        | Found a white marble altar of Elyvilon.
    46 | D        | Found a roughly hewn altar of Beogh.
    47 | D        | Found a viscous altar of Jiyva.
    48 | D        | Found a corrupted altar of Lugonu.
    49 | D        | Found a blossoming altar of Fedhas.
    50 | D        | Became a worshipper of Makhleb the Destroyer
    51 | D        | Found a snail-covered altar of Cheibriados.
    52 | D        | Found a shadowy altar of Dithmenos.
    53 | D        | Found a stormy altar of Qazlal.
    54 | D        | Found an opulent altar of Gozag.
    55 | D        | Found a sacrificial altar of Ru.
   106 | D        | Noticed a troll
   106 | D        | Noticed a hill giant
   106 | D        | Noticed a deep elf mage
   109 | D        | Reached skill level 1 in Fighting
   110 | D        | Killed a troll
   110 | D        | Acquired Makhleb's first power
   110 | D        | Reached XP level 3. HP: 30/42 MP: 7/7
   110 | D        | Reached XP level 4. HP: 35/49 MP: 9/9
   110 | D        | Reached XP level 5. HP: 40/56 MP: 12/12
   110 | D        | Killed a hill giant
   110 | D        | Reached skill level 9 in Fighting
   110 | D        | Reached skill level 11 in Axes
   110 | D        | Reached XP level 6. HP: 45/70 MP: 14/14
   110 | D        | Reached XP level 7. HP: 48/76 MP: 17/17
   126 | D        | Killed a deep elf mage
   126 | D        | Acquired Makhleb's second power
   126 | D        | Reached skill level 10 in Fighting
   126 | D        | Reached skill level 12 in Axes
   143 | D        | Noticed a giant frog
   143 | D        | Noticed a steam dragon
   143 | D        | Noticed a crimson imp
   143 | D        | Noticed a yak
   143 | D        | Noticed a centaur
   144 | D        | Killed a giant frog
   146 | D        | Killed a steam dragon
   146 | D        | Acquired Makhleb's third power
   146 | D        | Reached skill level 10 in Evocations
   146 | D        | Reached XP level 8. HP: 56/86 MP: 18/20
   147 | D        | Killed a crimson imp
   149 | D        | Killed a centaur
   151 | D        | Killed a yak
   151 | D        | Acquired Makhleb's fourth power
   151 | D        | Reached skill level 13 in Evocations
   276 | D        | Noticed a basilisk
   276 | D        | Noticed a yak
   276 | D        | Noticed a spiny frog
   276 | D        | Noticed a wolf
   276 | D        | Noticed a water moccasin
   276 | D        | Noticed a spiny frog
   276 | D        | Noticed a porcupine
   289 | D        | Killed a basilisk
   292 | D        | Noticed a porcupine
   294 | D        | Noticed a hound
   295 | D        | Killed a yak
   301 | D        | Killed a spiny frog
   301 | D        | Acquired Makhleb's fifth power
   305 | D        | Killed a wolf
   308 | D        | Killed a water moccasin
   308 | D        | Reached skill level 10 in Armour
   308 | D        | Gained mutation: You passively map the area around you. [level up]
   308 | D        | Reached XP level 9. HP: 72/93 MP: 22/22
   314 | D        | Killed a spiny frog
   315 | D        | Killed a porcupine
   321 | D        | Killed a porcupine
   325 | D        | Killed a hound
   339 | D        | Noticed a yak
   339 | D        | Noticed a yak
   339 | D        | Noticed an elephant
   339 | D        | Noticed a giant frog
   339 | D        | Noticed a porcupine
   339 | D        | Noticed a water moccasin
   340 | D        | Killed a yak
   340 | D        | Killed a giant frog
   340 | D        | Reached skill level 14 in Evocations
   344 | D        | Noticed an elephant
   344 | D        | Killed a yak
   345 | D        | Noticed a komodo dragon
   348 | D        | Killed an elephant
   348 | D        | Reached skill level 15 in Evocations
   350 | D        | Killed a porcupine
   353 | D        | Killed a water moccasin
   353 | D        | Reached skill level 16 in Evocations
   363 | D        | Killed an elephant
   363 | D        | Reached skill level 17 in Evocations
   371 | D        | Killed a komodo dragon
   371 | D        | Reached XP level 10. HP: 71/102 MP: 27/27
   390 | D        | Noticed a blink frog
   390 | D        | Noticed a blink frog
   390 | D        | Noticed a spiny frog
   390 | D        | Noticed a spiny frog
   390 | D        | Noticed a vampire mosquito
   390 | D        | Noticed a blink frog
   391 | D        | Killed a spiny frog
   391 | D        | Reached skill level 5 in Invocations
   392 | D        | Killed a blink frog
   392 | D        | Killed a blink frog
   392 | D        | Killed a spiny frog
   393 | D        | Noticed a giant leech
   396 | D        | Noticed a giant leech
   397 | D        | Killed a vampire mosquito
   412 | D        | Killed a giant leech
   412 | D        | Reached skill level 10 in Invocations
   420 | D        | Killed a giant leech
   436 | D        | Killed a blink frog
   482 | D        | Noticed a wraith
   485 | D        | Noticed a wraith
   492 | D        | Killed a wraith
   494 | D        | Killed a wraith
   501 | D        | Noticed Josephine
   506 | D        | Noticed a wraith
   518 | D        | Killed Josephine
   525 | D        | Killed a wraith
   595 | D        | Noticed an orc wizard
   595 | D        | Noticed an orc wizard
   595 | D        | Noticed an orc priest
   595 | D        | Noticed an orc priest
   595 | D        | Noticed an orc priest
   596 | D        | Killed an orc wizard
   596 | D        | Killed an orc wizard
   598 | D        | Noticed an orc priest
   599 | D        | Noticed an orc wizard
   600 | D        | Killed an orc priest
   600 | D        | Killed an orc priest
   600 | D        | Reached skill level 18 in Evocations
   600 | D        | Killed an orc priest
   602 | D        | Noticed an orc knight
   603 | D        | Noticed an orc warrior
   605 | D        | Killed an orc priest
   607 | D        | Killed an orc wizard
   607 | D        | Killed an orc warrior
   615 | D        | Killed an orc knight
   656 | D        | Noticed an orc warrior
   656 | D        | Noticed an orc wizard
   656 | D        | Noticed an orc warrior
   656 | D        | Noticed an orc knight
   656 | D        | Noticed an orc warrior
   656 | D        | Noticed an orc warrior
   657 | D        | Killed an orc warrior
   657 | D        | Reached skill level 19 in Evocations
   657 | D        | Killed an orc wizard
   658 | D        | Noticed an orc warrior
   659 | D        | Noticed an orc warrior
   668 | D        | Killed an orc warrior
   668 | D        | Reached XP level 11. HP: 91/108 MP: 25/27
   668 | D        | Killed an orc warrior
   670 | D        | Noticed an orc warrior
   672 | D        | Noticed an orc priest
   674 | D        | Killed an orc knight
   677 | D        | Noticed an orc warrior
   682 | D        | Killed an orc warrior
   682 | D        | Reached skill level 20 in Evocations
   682 | D        | Killed an orc warrior
   682 | D        | Killed an orc priest
   683 | D        | Killed an orc warrior
   685 | D        | Killed an orc warrior
   695 | D        | Killed an orc warrior
   731 | D        | Found Munant's Gadget Emporium.
   731 | D        | Noticed an orc priest
   731 | D        | Noticed an orc high priest
   731 | D        | Noticed an orc high priest
   731 | D        | Noticed an orc priest
   731 | D        | Noticed an orc priest
   731 | D        | Noticed an orc priest
   732 | D        | Killed an orc priest
   733 | D        | Killed an orc high priest
   733 | D        | Reached skill level 21 in Evocations
   733 | D        | Killed an orc high priest
   733 | D        | Killed an orc priest
   734 | D        | Found Gubrah's Armour Shoppe.
   734 | D        | Noticed an orc priest
   736 | D        | Found Ummerr's Assorted Antiques.
   737 | D        | Killed an orc priest
   738 | D        | Killed an orc priest
   738 | D        | Killed an orc priest
   739 | D        | Noticed an orc high priest
   740 | D        | Noticed an ice devil
   740 | D        | Found Ahoroet's Jewellery Shoppe.
   740 | D        | Noticed an orc high priest
   741 | D        | Noticed an orc priest
   742 | D        | Noticed an ice devil
   742 | D        | Noticed an ice devil
   743 | D        | Noticed an orc high priest
   744 | D        | Killed an orc priest
   744 | D        | Reached skill level 22 in Evocations
   745 | D        | Killed an orc high priest
   746 | D        | Killed an orc high priest
   746 | D        | Reached skill level 23 in Evocations
   747 | D        | Noticed an orc high priest
   748 | D        | Noticed an orc priest
   752 | D        | Killed an orc high priest
   754 | D        | Killed an orc priest
   763 | D        | Noticed a sun demon
   764 | D        | Killed an orc high priest
   764 | D        | Reached skill level 24 in Evocations
   819 | D        | Bought the ring "Buvostryhe" {SustAb -Tele rPois+ rN+ Str+3 Int-2} for 382 gold pieces
   825 | D        | Bought a -1 lightning rod (10/10) for 910 gold pieces
   834 | D        | Bought a blackened lead wand for 76 gold pieces
   842 | D        | Bought a scroll labeled FUAJIWIMPO for 19 gold pieces
   842 | D        | Bought a potion of curing for 57 gold pieces
   842 | D        | Bought 2 potions of heal wounds for 190 gold pieces
   842 | D        | Bought a brass ring for 95 gold pieces
  1090 | D        | Noticed a five-headed hydra
  1090 | D        | Noticed a komodo dragon
  1090 | D        | Noticed a giant frog
  1090 | D        | Noticed a deep elf mage
  1090 | D        | Noticed a vampire mosquito
  1090 | D        | Noticed a wizard
  1090 | D        | Noticed a centaur warrior
  1092 | D        | Killed a komodo dragon
  1092 | D        | Killed a giant frog
  1092 | D        | Killed a deep elf mage
  1093 | D        | Killed a five-headed hydra
  1094 | D        | Noticed a hippogriff
  1096 | D        | Noticed a deep elf priest
  1096 | D        | Killed a vampire mosquito
  1098 | D        | Noticed a cyan very ugly thing
  1098 | D        | Killed a wizard
  1099 | D        | Noticed a green very ugly thing
  1100 | D        | Noticed a tengu conjurer
  1102 | D        | Killed a centaur warrior
  1105 | D        | Killed a hippogriff
  1107 | D        | Killed a tengu conjurer
  1107 | D        | Reached skill level 10 in Shields
  1107 | D        | Reached XP level 12. HP: 116/116 MP: 28/28
  1109 | D        | Killed a deep elf priest
  1135 | D        | Killed a green very ugly thing
  1150 | D        | Killed a brown very ugly thing
  1193 | D        | Noticed a slime creature
  1194 | D        | Noticed a fire dragon
  1195 | D        | Noticed a great orb of eyes
  1200 | D        | Killed a slime creature
  1202 | D        | Killed a fire dragon
  1208 | D        | Killed a great orb of eyes
  1265 | D        | Noticed Agnes
  1271 | D        | Killed Agnes
  1324 | D        | Noticed an orb spider
  1324 | D        | Noticed a demonic crawler
  1324 | D        | Noticed a demonic crawler
  1324 | D        | Noticed a scorpion
  1324 | D        | Noticed a jumping spider
  1324 | D        | Noticed a redback
  1328 | D        | Killed an orb spider
  1328 | D        | Reached skill level 25 in Evocations
  1335 | D        | Noticed an orb spider
  1337 | D        | Noticed a trapdoor spider
  1341 | D        | Killed a demonic crawler
  1344 | D        | Killed a jumping spider
  1348 | D        | Killed a demonic crawler
  1348 | D        | Killed a scorpion
  1350 | D        | Killed a redback
  1351 | D        | Killed an orb spider
  1353 | D        | Killed a trapdoor spider
  1368 | D        | Killed a ghost moth
  1368 | D        | Reached skill level 26 in Evocations
  1388 | D        | Noticed a swamp drake
  1388 | D        | Noticed a swamp drake
  1388 | D        | Noticed a five-headed hydra
  1388 | D        | Noticed a shambling mangrove
  1388 | D        | Noticed an alligator
  1388 | D        | Noticed a brown very ugly thing
  1389 | D        | Noticed a blink frog
  1390 | D        | Killed a swamp drake
  1390 | D        | Killed a swamp drake
  1391 | D        | Killed an alligator
  1392 | D        | Killed a five-headed hydra
  1395 | D        | Killed a shambling mangrove
  1400 | D        | Killed a brown very ugly thing
  1402 | D        | Killed a blink frog
  1422 | D        | Noticed a naga mage
  1422 | D        | Noticed a naga warrior
  1422 | D        | Noticed a shock serpent
  1422 | D        | Noticed a greater naga
  1422 | D        | Noticed a water moccasin
  1422 | D        | Noticed a black mamba
  1422 | D        | Noticed a shock serpent
  1423 | D        | Noticed an anaconda
  1425 | D        | Noticed a black mamba
  1425 | D        | Killed a naga mage
  1425 | D        | Killed a shock serpent
  1427 | D        | Killed a naga warrior
  1427 | D        | Reached XP level 13. HP: 111/133 MP: 12/27
  1429 | D        | Killed a greater naga
  1430 | D        | Killed an anaconda
  1435 | D        | Killed a shock serpent
  1439 | D        | Killed a black mamba
  1442 | D        | Killed a black mamba
  1444 | D        | Killed a water moccasin
  1460 | D        | Noticed a satyr
  1460 | D        | Noticed a water elemental
  1460 | D        | Noticed a merfolk
  1460 | D        | Noticed a merfolk
  1460 | D        | Noticed a merfolk
  1460 | D        | Noticed a wind drake
  1460 | D        | Noticed a merfolk
  1461 | D        | Noticed a merfolk impaler
  1465 | D        | Killed a satyr
  1467 | D        | Killed a water elemental
  1467 | D        | Reached skill level 15 in Fighting
  1468 | D        | Noticed a merfolk
  1476 | D        | Killed a merfolk
  1478 | D        | Killed a merfolk
  1481 | D        | Killed a merfolk
  1490 | D        | Killed a wind drake
  1498 | D        | Killed a merfolk impaler
  1499 | D        | Killed a merfolk
  1508 | D        | Killed a merfolk
  1546 | D        | Noticed a wolf
  1553 | D        | Killed a wolf
  1553 | D        | Reached skill level 1 in Throwing
  1554 | D        | Noticed a wolf
  1555 | D        | Noticed a wolf
  1558 | D        | Noticed a wolf
  1558 | D        | Killed a wolf
  1562 | D        | Killed a wolf
  1564 | D        | Killed a wolf
  1573 | D        | Noticed Grum
  1585 | D        | Killed Grum
  1626 | D        | Noticed Maurice
  1635 | D        | Killed Maurice
  1680 | D        | Noticed a frost giant
  1680 | D        | Noticed a yaktaur
  1680 | D        | Noticed a death yak
  1680 | D        | Noticed a hill giant
  1680 | D        | Noticed a rakshasa
  1680 | D        | Noticed a spriggan defender
  1680 | D        | Noticed a stone giant
  1681 | D        | Noticed a green very ugly thing
  1682 | D        | Killed a yaktaur
  1683 | D        | Killed a hill giant
  1683 | D        | Reached skill level 5 in Throwing
  1684 | D        | Killed a frost giant
  1684 | D        | Killed a death yak
  1686 | D        | Noticed a deep troll shaman
  1688 | D        | Noticed a stone giant
  1688 | D        | Killed a spriggan defender
  1690 | D        | Noticed a sphinx
  1690 | D        | Killed a rakshasa
  1691 | D        | Noticed a minotaur
  1696 | D        | Killed a stone giant
  1696 | D        | Reached skill level 10 in Throwing
  1702 | D        | Noticed a great orb of eyes
  1704 | D        | Noticed a fire dragon
  1706 | D        | Killed a green very ugly thing
  1708 | D        | Noticed a frost giant
  1710 | D        | Noticed a rakshasa
  1714 | D        | Killed a deep troll shaman
  1714 | D        | Killed a stone giant
  1714 | D        | Killed a minotaur
  1714 | D        | Killed a great orb of eyes
  1717 | D        | Killed a sphinx
  1720 | D        | Killed a rakshasa
  1720 | D        | Killed a fire dragon
  1720 | D        | Gained mutation: You resist negative energy. [level up]
  1720 | D        | Reached XP level 14. HP: 74/148 MP: 27/27
  1724 | D        | Noticed a stone giant
  1725 | D        | Noticed a deep elf knight
  1728 | D        | Killed a frost giant
  1763 | D        | Mangled by a stone giant

Action                   |  1- 3 |  4- 6 |  7- 9 | 10-12 | 13-15 || total
-------------------------+-------+-------+-------+-------+-------++-------
Melee: Short sword       |     1 |       |       |       |       ||     1
       Broad axe         |       |       |    82 |   171 |    91 ||   344
Throw: Tomahawk          |       |       |       |       |    13 ||    13
Invok: Major Destruction |       |       |       |    10 |    16 ||    26
       Greater Servant o |       |       |       |     1 |       ||     1
 Abil: Device Recharging |       |       |     1 |     7 |     1 ||     9
Evoke: Wand              |    12 |       |     7 |    43 |    19 ||    81
       Rod               |       |       |       |     3 |       ||     3
  Use: Potion            |     1 |       |     1 |       |     1 ||     3
       Scroll            |       |       |       |     1 |       ||     1
 Stab: Invisible         |       |       |       |       |     7 ||     7
  Eat: Chunk             |       |       |       |    24 |     1 ||    25
